 Dungeon Crawl Stone Soup version 0.29-a0-321-gf1c400731a (webtiles) character file.

Game seed: 10893356128370496123

7 sizableburger the Skirmisher (level 1, -1/13 HPs)
             Began as a Deep Elf Berserker on Apr 5, 2022.
             Was a Follower of Trog.
             Slain by a goblin
             ... wielding a +0 club
              (2 damage)
             ... on level 1 of the Dungeon.
             The game lasted 00:00:38 (85 turns).

sizableburger the Skirmisher (Deep Elf Berserker)     Turns: 85, Time: 00:00:38

Health: -1/13      AC:  2    Str: 14    XL:     1   Next: 83%
Magic:  3/3        EV: 12    Int: 11    God:    Trog [*.....]
Gold:   14         SH:  0    Dex: 14    Spells: 0/0 levels left

rFire   . . .      SeeInvis .   a - +0 hand axe
rCold   . . .      Faith    .   (no shield)
rNeg    . . .      Spirit   .   b - +0 animal skin
rPois   .          Reflect  .   (no helmet)
rElec   .          Harm     .   (no cloak)
rCorr   .          Rampage  .   (no gloves)
Will    .....                   (no boots)
Stlth   +.........              (no amulet)
HPRegen 0.04/turn               (no ring)
MPRegen 0.08/turn               (no ring)

@: on berserk cooldown
A: no striking features
a: Renounce Religion, Berserk


You were on level 1 of the Dungeon.
You worshipped Trog.
Trog was aware of your devotion.
You visited 1 branch of the dungeon, and saw 1 of its levels.

You collected 14 gold pieces.

Inventory:

Hand Weapons
 a - a +0 hand axe (weapon)
Armour
 b - a +0 animal skin (worn)


   Skills:
 + Level 2.6 Fighting
 + Level 2.6 Axes
 - Level 1.5 Armour
 - Level 2.4 Dodging


You couldn't memorise any spells.
You didn't know any spells.
Your spell library was empty.

Dungeon Overview and Level Annotations

Branches:
Dungeon (1/15)

Altars:


Message History

The bat barely misses you.
Unknown command.
It was a potion of curing.
You feel better. The bat hits you. The goblin hits you but does no damage.
The goblin closely misses you. The bat closely misses you.
You completely miss the goblin. You hit the bat but do no damage.
The bat closely misses you. x2; The goblin hits you but does no damage.
The goblin hits you with a +0 club.
Unknown command.
You closely miss the bat.
The bat is severely wounded.
You hit the goblin. The bat closely misses you.
The bat hits you but does no damage. The bat hits you.
* * * LOW HITPOINT WARNING * * *
The goblin barely misses you.
Unknown command.
You aren't carrying any scrolls.
Okay, then.
You closely miss the goblin.
The goblin is moderately wounded.
You feel yourself speed up. The bat hits you but does no damage.
The goblin hits you with a +0 club.
* * * LOW HITPOINT WARNING * * *
The bat barely misses you. The goblin barely misses you.
Unknown command.
The endoplasm quivers.
You hit the bat.
You kill the bat!
Trog accepts your kill.
You miss the goblin. The goblin closely misses you.
Unknown command.
You closely miss the goblin.
The goblin is moderately wounded.
The goblin hits you with a +0 club.
* * * LOW HITPOINT WARNING * * *
Unknown command.
You hit the goblin.
The goblin is severely wounded.
The goblin hits you with a +0 club.
You die...

#.$(..>...J..
#........... ?........#
###### #.#.#...# ......
###.J.#...###......
#.........+......#
#...#.†.#.....#
##.#.#.g.).......#
.......@...###..#### ###
##.........# #.####P♣♣P♣
#.........# #.# #PP..<.
#[........# #.# #......
...........###.# #+##...
...........##..# ##''
.........###..## #...
.........##..########...
... #..###PP.......


You could see an endoplasm and a goblin.

Vanquished Creatures
  A ball python (D:1)
  3 bats (D:1)
  A goblin (D:1)
  A frilled lizard (D:1)
6 creatures vanquished.

Notes
Turn   | Place    | Note
-------+----------+-------------------------------------------
     0 | D:1      | sizableburger the Deep Elf Berserker began the quest for
                  | the Orb.
     0 | D:1      | Reached XP level 1. HP: 13/13 MP: 3/3
    85 | D:1      | Slain by a goblin

Illustrated notes

Levels and vault maps discovered:
D:1:      denvon_arrival_planthouse, layout_basic, minivault_5

Action                   || total
-------------------------++-------
Melee: Hand axe          ||    23
Invok: Berserk           ||     1
  Use: Potion            ||     1
 Stab: Sleeping          ||     1
Armor: Animal skin       ||    19
Dodge: Dodged            ||    37

Table legend: (Time is in decaauts)
 A = Elapsed time spent in this place.
 B = Non-inter-level travel time spent in this place.
 C = Inter-level travel time spent in this place.
 D = Time resting spent in this place.
 E = Time spent auto-exploring this place.
 F = Levels seen in this place.
 G = Mean time per level.
                   A        B        C        D        E       F      G
               +--------+--------+--------+--------+--------+-----+--------+
         Total |     97 |     97 |      0 |      0 |     43 |   1 |   97.0 |
       Dungeon |     97 |     97 |      0 |      0 |     43 |   1 |   97.0 |
               +--------+--------+--------+--------+--------+-----+--------+

Top non-repeatable levels by time:
     D:1: 97 daAuts
